 Dungeon Crawl Stone Soup version 0.21.1-1-g345015f (webtiles) character file.

46 letownia2 the Poker (level 3, -2/27 HPs)
             Began as a Merfolk Skald on Mar 15, 2018.
             Slain by a worm (10 damage)
             ... on level 2 of the Dungeon.
             The game lasted 00:04:05 (450 turns).

letownia2 the Poker (Merfolk Skald)                  Turns: 450, Time: 00:04:05

Health: -2/27      AC:  4    Str: 11    XL:     3   Next: 66%
Magic:  0/6        EV: 12    Int: 13    God:
Gold:   83         SH:  0    Dex: 13    Spells: 0/6 levels left

rFire    . . .     SeeInvis .   a - +0 spear
rCold    . . .     Gourm    .   (no shield)
rNeg     . . .     Faith    .   i - +0 leather armour
rPois    .         Spirit   .   e - +0 helmet
rElec    .         Reflect  .   (no cloak)
rCorr    .         Harm     .   (no gloves)
MR       .....                  (no boots)
Stlth    +.........             (no amulet)
HPRegen  0.09/turn              (no ring)
MPRegen  0.10/turn              (no ring)

@: infused, very slightly contaminated
A: change form in water, swift swim, stealthy swim
a: no special abilities


You were on level 2 of the Dungeon.
You were not hungry.

You visited 1 branch of the dungeon, and saw 3 of its levels.

You collected 83 gold pieces.

Inventory:

Hand Weapons
 a - a +0 spear (weapon)
 b - a +0 trident
Armour
 e - a +0 helmet (worn)
 f - a +0 ring mail
 i - a +0 leather armour (worn)
Scrolls
 g - a scroll of identify {unknown}
 h - a scroll of fear {unknown}
 j - a scroll of remove curse {unknown}
Potions
 k - a potion of degeneration {unknown}
Books
 c - a book of Battle

   Spells                             Type                      Level
   a - Infusion                       Charms                       1
   b - Shroud of Golubria             Charms/Translocation         2
   c - Song of Slaying                Charms                       2
   d - Spectral Weapon                Hexes/Charms                 3
   e - Regeneration                   Charms/Necromancy            3
Comestibles
 d - 2 rations


   Skills:
 - Level 2.1 Fighting
 - Level 5.1 Polearms
 - Level 0.6 Armour
 - Level 2.6 Dodging
 - Level 2.0 Spellcasting
 + Level 0.6 Hexes
 + Level 3.4 Charms
 + Level 0.4 Translocations


You couldn't memorise any spells.
You knew the following spells:

 Your Spells              Type           Power        Failure   Level  Hunger
a - Infusion              Chrm           ##..         9%          1    ##.....
t - Shroud of Golubria    Chrm/Tloc      #.........   22%         2    ###....
x - Spectral Weapon       Hex/Chrm       #.......     41%         3    ####...


Dungeon Overview and Level Annotations

Branches:
Dungeon (3/15)

Altars:
Trog

Annotations:
D:3 Terence


Message History

Aim: a worm You reach to attack!
You hit the worm.
The worm is lightly wounded.
You hit the worm!
The worm is heavily wounded.
You hit the worm.
The worm is severely wounded.
The worm barely misses you.
You barely miss the worm.
The worm is severely wounded.
The worm bites you!
* * * LOW HITPOINT WARNING * * *
You are too injured to fight recklessly!
You are too injured to fight recklessly!
You hit the worm but do no damage.
The worm is severely wounded.
You hit the worm.
The worm is severely wounded.
The worm bites you!
You die...

.. ###.####...### .. .#
##.##.....##.#.).. .. ##.#
#..#.......#..#### #. ...
..#.......#...# #. #..
#....._.....#.# #. #.#
#.#......)#.#.# #.## #.#
#.#.......#.#.#
..###..###.#####.##.....##.#.#
.............>.w@.####.####.#..
.######....#####............##.
###...####...#####....#
##...##..### ....# #.#..#.##
#### #.##...# #.##.#.#
#.##.#..# #w#..##...


You could see a worm.

Vanquished Creatures
  2 oozes (D:1)
  2 leopard geckos (D:1)
  A giant cockroach (D:1)
  2 hobgoblins
  8 jackals (D:1)
  A quokka (D:2)
  2 ball pythons (D:1)
  4 bats
  2 frilled lizards (D:2)
  4 goblins
  A kobold (D:1)
  2 rats (D:1)
31 creatures vanquished.

Notes
Turn   | Place    | Note
-------+----------+-------------------------------------------
     0 | D:1      | letownia2 the Merfolk Skald began the quest for the Orb.
     0 | D:1      | Reached XP level 1. HP: 16/16 MP: 3/3
    88 | D:1      | Reached skill level 4 in Polearms
    88 | D:1      | Reached XP level 2. HP: 18/22 MP: 0/5
   248 | D:1      | Reached skill level 5 in Polearms
   248 | D:1      | Reached XP level 3. HP: 14/27 MP: 0/6
   262 | D:1      | Learned a level 3 spell: Spectral Weapon
   265 | D:1      | Learned a level 2 spell: Shroud of Golubria
   393 | D:2      | Found a bloodstained altar of Trog.
   437 | D:3      | Noticed Terence
   450 | D:2      | Slain by a worm

Skill      XL: |  1  2 |
---------------+-------+-----
Polearms       | 4 5 |  5.1
Fighting       | |  2.1
Armour         | |  0.6
Dodging        | |  2.6
Spellcasting   | |  2.0
Hexes          | |  0.6
Charms         | |  3.4
Translocations | |  0.4

Action                   || total
-------------------------++-------
Melee: Spear             ||   111
 Cast: Infusion          ||     8
       Shroud of Golubri ||     2
Armor: Leather armour    ||    33
Dodge: Dodged            ||    79
